[Event "Titled Tuesday Blitz February 01 B 2022"]
[White "Paravyan, David"]
[Black "Aldokhin, Ivan"]
[WhiteFideId "4194985"]
[BlackFideId "24115720"]
[WhiteElo "2569"]
[BlackElo "2231"]
[Result "1-0"]
[Round "01"]
[TimeControl "180+1"]
[Date "2022.02.01"]
[WhiteClock "0:00:34"]
[BlackClock "0:00:03"]

1. e4 c5 2. Nf3 e6 3. d4 cxd4 4. Nxd4 a6 5. a3 Qc7 6. c4 Nf6 7. Nc3 d6 8. Be2 Nbd7 9. Be3 Be7 10. Rc1 O-O 11. g4 b6 12. g5 Ne8 13. h4 Bb7 14. h5 Nc5 15. f3 g6 16. b4 Nd7 17. f4 Ng7 18. h6 Ne8 19. Bf3 Rc8 20. Rh2 Qb8 21. Be2 Nc7 22. Rf2 Rfe8 23. Kf1 Bf8 24. Nf3 b5 25. cxb5 axb5 26. Qb3 Nb6 27. Bxb6 d5 28. e5 d4 29. Bxd4 Nd5 30. Ne1 Red8 31. Qb2 Ne7 32. Nxb5 Rxc1 33. Qxc1 Nf5 34. Ba7 Qa8 35. Bb6 Ba6 36. Kg1 Bxb5 37. Bxb5 Ng3 38. Bc6 Qa6 39. Bxd8 1-0


[Site "https://www.chess.com"]

[Event "Titled Tuesday Blitz February 01 B 2022"]
[White "Przybylski, Wojciech"]
[Black "Muradli, Mahammad"]
[WhiteFideId "1117599"]
[BlackFideId "13409301"]
[WhiteElo "2133"]
[BlackElo "2645"]
[Result "1-0"]
[Round "01"]
[TimeControl "180+1"]
[Date "2022.02.01"]
[WhiteClock "0:00:09"]
[BlackClock "0:00:02"]

1. e4 c5 2. Nf3 d6 3. d4 cxd4 4. Nxd4 e6 5. Be2 Nf6 6. Nc3 Nc6 7. O-O Bd7 8. Be3 Be7 9. f4 O-O 10. Kh1 a6 11. a4 Nxd4 12. Bxd4 Bc6 13. Bd3 Qa5 14. e5 dxe5 15. fxe5 Nd5 16. Ne4 Rfd8 17. Qg4 Be8 18. Rf3 Rac8 19. c3 Qc7 20. Raf1 b5 21. axb5 axb5 22. Bxb5 Bf8 23. Bxe8 Rxe8 24. Ng5 Ne7 25. Rxf7 Qc6 26. Nxe6 Ng6 27. Ng5 Qc4 28. Qh5 h6 29. Ne4 Re6 30. Qf5 Rce8 31. Ra7 Qe2 32. h3 Kh8 33. Rf2 Qe1+ 34. Rf1 Qe2 35. Kh2 Nh4 36. Rf2 Nxf5 37. Rxe2 Rc6 38. Ng3 Nh4 39. Nh5 Ng6 40. Ra5 Rce6 41. g3 Kh7 42. Nf4 Nxf4 43. gxf4 Kg6 44. Kg3 Kf5 45. Kf3 Be7 46. Rg2 g6 47. Rd5 Rb8 48. b4 Rc8 49. Rd7 Ra8 50. h4 h5 51. b5 Rb8 52. b6 Rd8 53. Rxd8 Bxd8 54. b7 Bc7 55. Ra2 Re8 56. Ra8 Re7 57. Rc8 Bb8 58. Rxb8 Ke6 59. Rd8 Rxb7 60. Rd6+ Kf7 61. Rc6 Rb1 62. Ke4 Re1+ 63. Kd5 Rh1 64. Rc7+ Ke8 65. Rc8+ Kd7 66. Rg8 Rxh4 67. Rg7+ Ke8 68. Rxg6 Rg4 69. Rh6 h4 70. f5 h3 71. Ke6 Rg8 72. f6 Kf8 73. Rxh3 Ke8 74. f7+ 1-0


[Site "https://www.chess.com"]

[Event "Titled Tuesday Blitz February 01 B 2022"]
[White "Rangel, Daniel"]
[Black "Warmerdam, Max"]
[WhiteFideId "2124475"]
[BlackFideId "1048104"]
[WhiteElo "2187"]
[BlackElo "2537"]
[Result "0-1"]
[Round "01"]
[TimeControl "180+1"]
[Date "2022.02.01"]
[WhiteClock "0:00:03"]
[BlackClock "0:01:12"]

1. c4 e6 2. g3 d5 3. Bg2 dxc4 4. Qa4+ Nd7 5. Qxc4 Ngf6 6. Nf3 c5 7. O-O b6 8. d4 Bb7 9. Nc3 a6 10. dxc5 b5 11. Qh4 Bxc5 12. Bg5 h6 13. Bxf6 Nxf6 14. Ne5 Bxg2 15. Kxg2 O-O 16. Rad1 Qc7 17. Ng4 Be7 18. Nxf6+ Bxf6 19. Qb4 Rac8 20. Ne4 Be7 21. Qd4 Rfd8 22. Qe3 Qc2 23. Rxd8+ Rxd8 24. Rc1 Qxb2 25. Rc7 Qa3 26. Qa7 Re8 27. Qb7 Kf8 28. Rc8 Qa5 29. Rxe8+ Kxe8 30. Qc8+ Bd8 31. Nd6+ Ke7 32. Qc5 Qc7 33. Nf5+ Kf6 34. Qxc7 Bxc7 35. Nd4 Be5 36. Nc6 Bc3 37. e4 a5 38. Kf3 a4 39. Ke2 Kg5 40. Kd3 Be1 41. f3 h5 42. h4+ Kg6 43. Ne5+ Kf6 44. Nd7+ Ke7 45. Ne5 Bxg3 46. Nc6+ Kd6 47. Nd4 Kc5 48. Ne2 Bxh4 49. Nf4 g6 50. Kc3 Bf6+ 51. Kc2 b4 52. Nd3+ Kb5 53. Nf2 Bd4 54. Nh3 Kc4 55. Ng5 h4 56. Nxf7 h3 57. Nd6+ Kc5 58. Nb7+ Kb6 59. Nd8 h2 60. Nxe6 h1=Q 61. Nxd4 Qg1 62. Kd3 b3 63. axb3 a3 64. Nc2 a2 65. Nb4 a1=Q 66. Nd5+ Kc5 67. Nc3 Qd4+ 0-1


[Site "https://www.chess.com"]

[Event "Titled Tuesday Blitz February 01 B 2022"]
[White "Sarana, Alexey"]
[Black "Vusatiuk, Vladimir"]
[WhiteFideId "24133795"]
[BlackFideId "14118610"]
[WhiteElo "2665"]
[BlackElo "2157"]
[Result "1-0"]
[Round "01"]
[TimeControl "180+1"]
[Date "2022.02.01"]
[WhiteClock "0:02:45"]
[BlackClock "0:00:09"]

1. d4 Nf6 2. c4 e6 3. Nc3 Bb4 4. e3 O-O 5. Bd3 d5 6. a3 Bxc3+ 7. bxc3 b6 8. cxd5 exd5 9. Ne2 Ba6 10. f3 c5 11. O-O Re8 12. Ng3 Bxd3 13. Qxd3 Nc6 14. Bb2 h5 15. e4 h4 16. Nf5 dxe4 17. fxe4 Rxe4 18. Nxg7 Ne5 19. Qh3 Nc4 20. Bc1 Kxg7 21. Bg5 Qc8 22. Bxf6+ Kg6 23. Qd3 Nd6 24. Be5 c4 25. Qc2 Qg4 26. Bxd6 f5 27. Rf2 h3 28. Raf1 Rae8 29. Be5 Kh7 30. Rxf5 Re2 31. Rf7+ Kh6 32. Qh7+ Kg5 33. R1f5+ 1-0


[Site "https://www.chess.com"]

[Event "Titled Tuesday Blitz February 01 B 2022"]
[White "Sjugirov, Sanan"]
[Black "Domingo Nunez, Alejandro"]
[WhiteFideId "4189302"]
[BlackFideId "22245561"]
[WhiteElo "2602"]
[BlackElo "2215"]
[Result "1-0"]
[Round "01"]
[TimeControl "180+1"]
[Date "2022.02.01"]
[WhiteClock "0:00:16"]
[BlackClock "0:00:04"]

1. d4 g6 2. e4 Bg7 3. Nf3 c6 4. Bd3 d5 5. e5 f6 6. exf6 exf6 7. O-O Ne7 8. h3 O-O 9. Re1 Bf5 10. Bxf5 Nxf5 11. Qd3 Nd6 12. Bf4 Na6 13. Nbd2 Qd7 14. Qb3 Nc7 15. Qb4 Rfd8 16. Re2 Bf8 17. Qb3 b5 18. Rae1 Re8 19. Qd3 Rxe2 20. Rxe2 Re8 21. Rxe8 Qxe8 22. Kf1 Ne6 23. Bh2 Ng7 24. b3 Ne4 25. c4 bxc4 26. bxc4 Bb4 27. Nb3 Nf5 28. c5 a5 29. g4 Ng7 30. Nc1 a4 31. Ne2 Ne6 32. Qa6 a3 33. Qa4 Nd2+ 34. Nxd2 Bxd2 35. Qxa3 Ng5 36. Qd3 Ba5 37. h4 Ne4 38. f3 Nd2+ 39. Kf2 Nc4 40. Bf4 Kg7 41. Qb3 1-0


[Site "https://www.chess.com"]

[Event "Titled Tuesday Blitz February 01 B 2022"]
[White "Srebrnic, Marko"]
[Black "Salinas Herrera, Pablo"]
[WhiteFideId "14603616"]
[BlackFideId "3407128"]
[WhiteElo "2340"]
[BlackElo "2541"]
[Result "0-1"]
[Round "01"]
[TimeControl "180+1"]
[Date "2022.02.01"]
[WhiteClock "0:01:17"]
[BlackClock "0:01:42"]

1. e4 c5 2. Nf3 e6 3. g3 Nc6 4. Bg2 Nf6 5. Nc3 e5 6. O-O Be7 7. d3 O-O 8. Ne1 d6 9. f4 Nd4 10. Kh1 b5 11. Be3 b4 12. Ne2 Bg4 13. Nf3 Nxf3 14. Bxf3 Bxf3+ 15. Rxf3 Re8 16. c4 bxc3 17. bxc3 d5 18. Qc2 dxe4 19. dxe4 Bf8 20. f5 Qd6 21. Bg5 Red8 22. Rff1 Qc6 23. Bxf6 gxf6 24. Rfd1 c4 25. Kg2 Rd3 26. Rxd3 Qxe4+ 0-1


[Site "https://www.chess.com"]

[Event "Titled Tuesday Blitz February 01 B 2022"]
[White "Stankovic, Ivan G"]
[Black "Pranav, V"]
[WhiteFideId "902837"]
[BlackFideId "25060783"]
[WhiteElo "2195"]
[BlackElo "2349"]
[Result "0-1"]
[Round "01"]
[TimeControl "180+1"]
[Date "2022.02.01"]
[WhiteClock "0:00:14"]
[BlackClock "0:00:05"]

1. e4 e5 2. d4 exd4 3. Qxd4 Nc6 4. Qe3 Nf6 5. Nc3 Bb4 6. Bd2 O-O 7. O-O-O Re8 8. f3 d5 9. Qf2 d4 10. Nb5 a6 11. Nxd4 Bxd2+ 12. Rxd2 Qe7 13. Nxc6 bxc6 14. Bc4 a5 15. Qd4 a4 16. a3 Be6 17. Ne2 Red8 18. Qe5 Rxd2 19. Kxd2 Qd8+ 20. Bd3 Nd7 21. Qc3 Qg5+ 22. Kd1 c5 23. h4 Qe7 24. Kc1 Nb6 25. Nf4 c4 26. Be2 Rd8 27. Nh5 f6 28. Nf4 Bf7 29. Rd1 Rxd1+ 30. Bxd1 Qc5 31. Qd2 h6 32. c3 Qe7 33. Qd4 g5 34. hxg5 hxg5 35. Ne2 Kg7 36. Ng3 Bg6 37. Be2 Qe6 38. Nf1 Kh7 39. Ne3 Bf7 40. Bd1 Qc6 41. Bc2 Bg6 42. Ng4 Nd7 43. e5 Bxc2 44. Kxc2 Nxe5 45. Nxe5 fxe5 46. Qxe5 Kg6 47. Qe4+ Qxe4+ 48. fxe4 Kf6 49. Kd2 Ke5 50. Ke3 g4 51. Kf2 Kxe4 52. Kg3 Kd3 53. Kxg4 Kc2 54. Kf3 Kxb2 55. g4 Kxc3 56. g5 Kb2 57. g6 c3 58. g7 c2 59. g8=Q c1=Q 60. Qb8+ Kxa3 61. Qf8+ c5 62. Ke4 Qc4+ 63. Ke3 Qd4+ 64. Ke2 Kb3 65. Qb8+ Kc2 66. Qa7 Kb2 0-1


[Site "https://www.chess.com"]

[Event "Titled Tuesday Blitz February 01 B 2022"]
[White "Suarez Uriel, Adrian"]
[Black "Vachier-Lagrave, Maxime"]
[WhiteFideId "22230874"]
[BlackFideId "623539"]
[WhiteElo "2316"]
[BlackElo "2813"]
[Result "1-0"]
[Round "01"]
[TimeControl "180+1"]
[Date "2022.02.01"]
[WhiteClock "0:02:41"]
[BlackClock "0:02:36"]

1. e4 c6 2. Nc3 d5 3. Nf3 dxe4 4. Nxe4 Nf6 5. Qe2 Nxe4 6. Qxe4 Qa5 7. Bc4 Bf5 8. Qe2 Nd7 9. O-O e6 10. d4 Be7 11. Bb3 O-O 12. h3 h6 13. Bd2 Rfe8 14. Bxa5 1-0


[Site "https://www.chess.com"]

[Event "Titled Tuesday Blitz February 01 B 2022"]
[White "Sviridov, Valery"]
[Black "Kanyamarala, Tarun"]
[WhiteFideId "4120680"]
[BlackFideId "45004714"]
[WhiteElo "2454"]
[BlackElo "2144"]
[Result "1-0"]
[Round "01"]
[TimeControl "180+1"]
[Date "2022.02.01"]
[WhiteClock "0:00:56"]
[BlackClock "0:00:10"]

1. Nf3 d5 2. g3 Nd7 3. d4 Nb6 4. Bg2 Bf5 5. b3 e6 6. Bb2 Nf6 7. Nbd2 h6 8. c4 c6 9. Rc1 Be7 10. O-O O-O 11. e3 a5 12. a3 a4 13. cxd5 cxd5 14. b4 Bd3 15. Re1 Rc8 16. Ne5 Bb5 17. Rc5 Bxc5 18. dxc5 Nbd7 19. Ndf3 Nxe5 20. Bxe5 b6 21. Nd4 Bd7 22. Qc2 bxc5 23. bxc5 Qa5 24. Rc1 Bb5 25. Nxb5 Qxb5 26. c6 Nd7 27. Bd6 Nb8 28. c7 Na6 29. Bf1 Qb6 30. Bxf8 Rxc7 31. Qb1 Rb7 32. Qxb6 Rxb6 33. Bxa6 Kxf8 34. Be2 Rb3 35. Ra1 Rb6 36. Bd1 Ra6 37. Rb1 Ke7 38. Rb4 Rc6 39. Bxa4 Rc1+ 40. Kg2 Ra1 41. Rb3 Kd6 42. Bb5 f5 43. a4 g5 44. Rc3 g4 45. Rc6+ Ke5 46. Rc8 Kf6 47. Ra8 e5 48. a5 d4 49. exd4 exd4 50. a6 Ra5 51. Rd8 Rxb5 52. a7 Ra5 53. a8=Q Rxa8 54. Rxa8 Ke5 55. Rd8 Ke4 56. Kf1 d3 57. Ke1 h5 58. Rh8 Kf3 59. Rxh5 d2+ 60. Kxd2 Kxf2 61. Rxf5+ Kg2 62. Rf4 Kxh2 63. Rxg4 1-0


[Site "https://www.chess.com"]

[Event "Titled Tuesday Blitz February 01 B 2022"]
[White "Timofeev, Artyom"]
[Black "Borisova, Ekaterina"]
[WhiteFideId "4140419"]
[BlackFideId "34124184"]
[WhiteElo "2583"]
[BlackElo "2034"]
[Result "1-0"]
[Round "01"]
[TimeControl "180+1"]
[Date "2022.02.01"]
[WhiteClock "0:00:15"]
[BlackClock "0:00:05"]

1. d4 Nf6 2. Nf3 e6 3. Bg5 h6 4. Bxf6 Qxf6 5. e4 g5 6. Nc3 Bg7 7. e5 Qe7 8. Bd3 d6 9. Qe2 Nc6 10. h3 Nb4 11. Bb5+ Bd7 12. a3 Nd5 13. Nxd5 exd5 14. Bxd7+ Kxd7 15. Qb5+ Kc8 16. Qxd5 dxe5 17. dxe5 Rd8 18. Qe4 Bxe5 19. Nxe5 Re8 20. Qg4+ Kb8 21. O-O-O Qxe5 22. Qf3 f5 23. Rd5 Qe4 24. Rxf5 Qxf3 25. Rxf3 b6 26. Re3 Kb7 27. Rhe1 Rxe3 28. Rxe3 Rf8 29. f3 Rf6 30. Kd2 Kc6 31. Re4 a5 32. Ke3 Kd5 33. h4 b5 34. b3 c6 35. hxg5 hxg5 36. Rg4 Rf5 37. Rd4+ Kc5 38. Re4 Rd5 39. g3 Kb6 40. f4 Kc5 41. g4 gxf4+ 42. Rxf4 Rd1 43. Rf2 Rg1 44. Kf3 Kd4 45. Rg2 Rf1+ 46. Kg3 Kc3 47. g5 Kb2 48. g6 Rf8 49. a4 Ka3 50. axb5 cxb5 51. g7 Rg8 52. Kf4 Kb4 53. Kf5 a4 54. bxa4 bxa4 55. Kf6 a3 56. Kf7 a2 57. Rg1 Ra8 58. Ra1 Ka3 59. g8=Q Rxg8 60. Kxg8 Kb2 61. Rxa2+ 1-0


[Site "https://www.chess.com"]

[Event "Titled Tuesday Blitz February 01 B 2022"]
[White "Urbina Perez, Juan Antonio"]
[Black "Yoo, Christopher Woojin"]
[WhiteFideId "2217368"]
[BlackFideId "30909694"]
[WhiteElo "2192"]
[BlackElo "2105"]
[Result "1/2-1/2"]
[Round "01"]
[TimeControl "180+1"]
[Date "2022.02.01"]
[WhiteClock "0:00:16"]
[BlackClock "0:00:04"]

1. e4 e5 2. Nf3 Nc6 3. Bc4 Bc5 4. d3 Nf6 5. O-O O-O 6. a4 d6 7. c3 h6 8. b4 Nxb4 9. cxb4 Bxb4 10. Ba3 Ba5 11. Qb3 c6 12. Bb4 d5 13. exd5 cxd5 14. Bxf8 dxc4 15. Qxc4 Qxf8 16. Nbd2 Bd7 17. Ne4 Nxe4 18. dxe4 Qe8 19. Rfd1 Bc6 20. Qc5 Bb6 21. Qxe5 Bxa4 22. Qxe8+ Bxe8 23. Ne5 Rc8 24. Nd7 Bxd7 25. Rxd7 Rc2 26. Rxb7 Bxf2+ 27. Kh1 Bd4 28. Rd1 a5 29. h3 Be5 30. Ra7 Ra2 31. Rf1 f6 32. Rd1 a4 33. Kg1 a3 34. Rd8+ Kh7 35. Rdd7 f5 36. exf5 Ra1+ 37. Kf2 Ra2+ 38. Kf3 Ra1 39. Re7 Bf6 40. Rf7 a2 41. Rxf6 Rf1+ 42. Kg4 a1=Q 43. Rxa1 Rxa1 44. Re6 Ra4+ 45. Kg3 Ra3+ 46. Kg4 Ra4+ 47. Kg3 Ra5 48. Kf4 Ra4+ 49. Kg3 1/2-1/2


[Site "https://www.chess.com"]

[Event "Titled Tuesday Blitz February 01 B 2022"]
[White "Villegas, Pierre"]
[Black "Naroditsky, Daniel"]
[WhiteFideId "654183"]
[BlackFideId "2026961"]
[WhiteElo "2410"]
[BlackElo "2608"]
[Result "0-1"]
[Round "01"]
[TimeControl "180+1"]
[Date "2022.02.01"]
[WhiteClock "0:00:35"]
[BlackClock "0:00:33"]

1. d4 Nf6 2. c4 g6 3. Nc3 Bg7 4. e4 d6 5. Nge2 O-O 6. Ng3 a6 7. Be2 c6 8. O-O b5 9. f4 Bb7 10. e5 Nfd7 11. Nce4 c5 12. dxc5 dxe5 13. f5 Nc6 14. cxb5 axb5 15. Bxb5 Nd4 16. Bd3 Qc7 17. b4 Bd5 18. a3 Rad8 19. Be3 Nf6 20. Bxd4 exd4 21. Nxf6+ Bxf6 22. fxg6 hxg6 23. Qc2 Be5 24. Bxg6 fxg6 25. Qxg6+ Bg7 26. Nh5 Qe5 27. Rfe1 Bf7 28. Qxg7+ Qxg7 29. Nxg7 Kxg7 30. Rxe7 d3 0-1


[Site "https://www.chess.com"]

[Event "Titled Tuesday Blitz February 01 B 2022"]
[White "Willow, Jonah B"]
[Black "Tanenbaum, Zachary"]
[WhiteFideId "438804"]
[BlackFideId "2060850"]
[WhiteElo "2261"]
[BlackElo "2168"]
[Result "1-0"]
[Round "01"]
[TimeControl "180+1"]
[Date "2022.02.01"]
[WhiteClock "0:00:32"]
[BlackClock "0:00:04"]

1. e4 e5 2. Nf3 Nc6 3. Nc3 Nf6 4. Bb5 Bd6 5. d3 O-O 6. a3 a6 7. Ba4 b5 8. Bb3 Be7 9. g4 h6 10. Rg1 d6 11. g5 hxg5 12. Bxg5 Nh5 13. Bxe7 Nxe7 14. Nxe5 Nf4 15. Nxf7 Rxf7 16. Bxf7+ Kxf7 17. Qf3 Ng6 18. Rxg6 Kxg6 19. Qxf4 Be6 20. O-O-O Qe7 21. Rg1+ Kh7 22. Qg3 Rf8 23. f4 Qf6 24. f5 Bf7 25. Kb1 a5 26. Qh3+ Kg8 27. Rg4 Qd4 28. Ne2 Qf2 29. Rh4 Be8 30. Rh8+ Kf7 31. Qh5+ Ke7 32. Qg5+ Rf6 33. Qxg7+ Bf7 34. Qf8+ Kd7 35. Qd8+ Kc6 36. Qxf6 Qxe2 37. Qxf7 Qd1+ 38. Ka2 Qxc2 39. Qd5+ Kd7 40. Rh7+ Kd8 41. Qg8# 1-0


[Site "https://www.chess.com"]

[Event "Titled Tuesday Blitz February 01 B 2022"]
[White "Xiong, Jeffery"]
[Black "Papp, Petra"]
[WhiteFideId "2047640"]
[BlackFideId "739049"]
[WhiteElo "2727"]
[BlackElo "2259"]
[Result "1-0"]
[Round "01"]
[TimeControl "180+1"]
[Date "2022.02.01"]
[WhiteClock "0:00:04"]
[BlackClock "0:00:02"]

1. d4 d6 2. Nf3 f5 3. h4 Nf6 4. h5 e6 5. c4 Be7 6. Nc3 O-O 7. Bg5 b6 8. e3 Bb7 9. Bd3 Ne4 10. Bxe7 Qxe7 11. Bxe4 fxe4 12. Nd2 d5 13. Qg4 Nd7 14. Qg3 Nf6 15. f3 exf3 16. gxf3 c5 17. O-O-O Rac8 18. dxc5 Rxc5 19. h6 g6 20. Rh4 Rfc8 21. Rd4 e5 22. Rd3 Ba6 23. Qg5 Bxc4 24. Nxc4 Rxc4 25. Kb1 d4 26. exd4 Rxd4 27. Rxd4 exd4 28. Ne4 Rf8 29. Rxd4 Qf7 30. Nd6 Qe6 31. Qd2 Nd7 32. Ne4 Nc5 33. Nxc5 bxc5 34. Rd6 Qf5+ 35. Ka1 Qxf3 36. a3 Qf1+ 37. Ka2 Qf7+ 38. b3 Qf2 39. a4 Qxd2+ 40. Rxd2 Rf5 41. Rd8+ Rf8 42. Rd7 Rf7 43. Rd5 Rf5 44. Rd8+ Rf8 45. Rd6 Kf7 46. Rd7+ Kf6 47. Rxh7 g5 48. Rxa7 Kg6 49. Rc7 Kxh6 50. Rxc5 Kh5 51. a5 Kh4 52. b4 g4 53. Kb3 g3 54. Rc1 g2 55. Rg1 Kg3 56. a6 Rf1 57. Rxg2+ Kxg2 58. b5 Kf3 59. a7 Ra1 60. b6 Ra6 61. b7 Rb6+ 62. Kc4 Rxb7 63. a8=Q Kf4 64. Qxb7 1-0


[Site "https://www.chess.com"]

[Event "Titled Tuesday Blitz February 01 B 2022"]
[White "Yedidia, Daniel"]
[Black "Drygalov, Andrey"]
[WhiteFideId "30905907"]
[BlackFideId "24171735"]
[WhiteElo "2469"]
[BlackElo "2540"]
[Result "0-1"]
[Round "01"]
[TimeControl "180+1"]
[Date "2022.02.01"]
[WhiteClock "0:00:01"]
[BlackClock "0:00:18"]

1. d4 Nf6 2. c4 e6 3. Nc3 Bb4 4. e3 d5 5. Bd3 O-O 6. Nf3 c5 7. O-O cxd4 8. exd4 Nc6 9. Bg5 dxc4 10. Bxc4 h6 11. Bh4 b6 12. Rc1 Bb7 13. Bb3 Be7 14. Re1 Nb4 15. Ne5 Nbd5 16. Nxd5 Nxd5 17. Bxe7 Nxe7 18. Qg4 Nf5 19. Nxf7 Rxf7 20. Bxe6 Qf6 21. Rc7 Qxe6 22. Rxe6 Rxc7 23. h3 Rf8 24. Re5 Rcf7 25. d5 Rf6 26. Qc4 Nd6 27. Qc7 R8f7 28. Re7 Rxe7 29. Qxe7 Bxd5 30. b3 Kh7 31. Qxa7 Ne4 32. f3 Nc3 33. Qa3 Ne2+ 34. Kf2 Nf4 35. Kg1 Re6 36. Qb4 g5 37. Qd2 Re2 38. Qb4 Rxg2+ 39. Kf1 Bxf3 40. Qxb6 Re2 41. Qc7+ Kg6 42. Qd6+ Kh5 43. Qf6 Bg2+ 44. Kg1 Nxh3+ 45. Kh2 Be4+ 46. Kxh3 g4+ 47. Kg3 Rg2+ 48. Kf4 Re2 49. Ke5 Bg6+ 50. Kd4 Re4+ 51. Kd5 g3 52. Qf3+ Rg4 53. Qg2 Kg5 54. Ke5 Re4+ 55. Kd5 Re3 56. Kd4 Rd3+ 57. Kc4 h5 58. a4 h4 59. a5 Kg4 60. a6 h3 61. Qe2+ Rf3 62. a7 h2 63. Qxf3+ Kxf3 64. a8=Q+ Be4 65. Qf8+ Ke2 66. Qh6 h1=Q 67. Qf4 Qf3 68. Qd6 g2 0-1


[Site "https://www.chess.com"]

[Event "Titled Tuesday Blitz February 01 B 2022"]
[White "Zakhartsov, Vladimir"]
[Black "Karas, Marek"]
[WhiteFideId "4145097"]
[BlackFideId "14928558"]
[WhiteElo "2432"]
[BlackElo "2270"]
[Result "0-1"]
[Round "01"]
[TimeControl "180+1"]
[Date "2022.02.01"]
[WhiteClock "0:00:02"]
[BlackClock "0:00:07"]

1. e4 e6 2. Nf3 d5 3. d3 Nf6 4. Nbd2 c5 5. g3 Nc6 6. Bg2 Be7 7. O-O O-O 8. e5 Nd7 9. Re1 b5 10. h4 Bb7 11. Nf1 Qc7 12. Bf4 Rfc8 13. N1h2 h6 14. Ng4 Bf8 15. Qd2 Qd8 16. Bh3 a5 17. Ng5 b4 18. Nxe6 fxe6 19. Nxh6+ gxh6 20. Bxe6+ Kh8 21. Bxd5 Nb6 22. Be4 Ra7 23. Bxh6 Nd4 24. Qf4 Bxe4 25. Rxe4 Nd5 26. Qc1 Bxh6 27. Qxh6+ Rh7 28. Qc1 Qd7 29. c3 Ne6 30. a3 bxc3 31. bxc3 Rg8 32. Rb1 Ng5 33. hxg5 Qh3 34. Rh4 Rxh4 35. gxh4 Qxh4 36. Kf1 Nf4 37. f3 Qh1+ 38. Kf2 Nxd3+ 39. Ke3 Nxc1 40. f4 Qe1+ 41. Kf3 Qe2+ 42. Kg3 Qe3+ 43. Kg4 Ne2 44. Rh1+ Kg7 45. Rb1 Qxf4+ 46. Kh3 Qg3# 0-1


[Site "https://www.chess.com"]

[Event "Titled Tuesday Blitz February 01 B 2022"]
[White "Zong, Davis"]
[Black "Kravtsiv, Martyn"]
[WhiteFideId "30903955"]
[BlackFideId "14113147"]
[WhiteElo "2061"]
[BlackElo "2694"]
[Result "0-1"]
[Round "01"]
[TimeControl "180+1"]
[Date "2022.02.01"]
[WhiteClock "0:00:01"]
[BlackClock "0:00:07"]

1. e4 e5 2. Nf3 Nc6 3. Bb5 a6 4. Ba4 Nf6 5. O-O Be7 6. Re1 b5 7. Bb3 O-O 8. c3 d6 9. h3 Bb7 10. d4 Re8 11. Nbd2 Bf8 12. a4 Na5 13. Bc2 c5 14. d5 c4 15. Nf1 Bc8 16. Ng3 Bd7 17. Nh2 g6 18. Qf3 Bg7 19. Ng4 Nxg4 20. hxg4 Qh4 21. g5 Nb7 22. Nf1 Nc5 23. a5 Rf8 24. Qg3 Qxg3 25. Nxg3 Rab8 26. Bd2 Na4 27. Rab1 Rfc8 28. Nf1 Bf8 29. Ne3 Be7 30. Nf1 Bd8 31. Nh2 Bxa5 32. Bd1 Nc5 33. Ng4 Bd8 34. Nf6+ Bxf6 35. gxf6 a5 36. g4 b4 37. g5 Nd3 38. Re3 bxc3 39. Bxc3 a4 40. Kg2 a3 41. Bc2 Nxb2 42. Rh1 a2 43. Bxb2 Rxb2 44. Re2 Ra8 45. Ra1 h6 0-1


[Site "https://www.chess.com"]

[Event "Titled Tuesday Blitz February 01 B 2022"]
[White "Al Hosani, Omran"]
[Black "Nesterov, Arseniy"]
[WhiteFideId "9308733"]
[BlackFideId "24198455"]
[WhiteElo "2246"]
[BlackElo "2489"]
[Result "0-1"]
[Round "02"]
[TimeControl "180+1"]
[Date "2022.02.01"]
[WhiteClock "0:01:13"]
[BlackClock "0:00:43"]

1. d4 d5 2. c4 e6 3. Nf3 Nf6 4. g3 a6 5. Bg2 dxc4 6. O-O Nc6 7. Qc2 b5 8. a4 Bb7 9. axb5 axb5 10. Rxa8 Bxa8 11. b3 Nxd4 12. Nxd4 Bxg2 13. Nxe6 fxe6 14. Kxg2 cxb3 15. Qxb3 Qd5+ 16. Qxd5 exd5 17. Bf4 Kd7 18. Rc1 Bd6 19. Be3 Ra8 20. Bd4 Ne8 21. e3 Rc8 22. Nd2 c5 23. Bb2 g6 24. h4 h5 25. f3 Nc7 26. g4 Ra8 27. Ra1 Rxa1 28. Bxa1 b4 29. e4 Bf4 30. Nb3 c4 31. Nd4 dxe4 32. gxh5 gxh5 33. fxe4 Be5 34. Kf3 Ne6 35. Nc2 Bxa1 36. Nxa1 b3 37. Nxb3 cxb3 0-1


[Site "https://www.chess.com"]

[Event "Titled Tuesday Blitz February 01 B 2022"]
[White "Andreikin, Dmitry"]
[Black "Balaji, Aaravamudhan"]
[WhiteFideId "4158814"]
[BlackFideId "436224"]
[WhiteElo "2736"]
[BlackElo "2085"]
[Result "1-0"]
[Round "02"]
[TimeControl "180+1"]
[Date "2022.02.01"]
[WhiteClock "0:02:35"]
[BlackClock "0:01:12"]

1. d4 Nf6 2. c4 b6 3. f3 e6 4. e4 d5 5. cxd5 exd5 6. e5 Nfd7 7. f4 Be7 8. Nf3 O-O 9. Nc3 Bb7 10. Bd3 c5 11. h4 Nc6 12. Bxh7+ Kxh7 13. Ng5+ Kg6 14. f5+ Kxf5 15. Qd3+ Kg4 16. Qf3# 1-0


[Site "https://www.chess.com"]

[Event "Titled Tuesday Blitz February 01 B 2022"]
[White "Araujo Sanchez, Josue"]
[Black "Boros, Denes"]
[WhiteFideId "6416896"]
[BlackFideId "722340"]
[WhiteElo "2357"]
[BlackElo "2464"]
[Result "1/2-1/2"]
[Round "02"]
[TimeControl "180+1"]
[Date "2022.02.01"]
[WhiteClock "0:00:17"]
[BlackClock "0:00:24"]

1. e4 c6 2. Nc3 d5 3. Qf3 Nf6 4. e5 Ng8 5. d4 h6 6. Bd3 Na6 7. a3 e6 8. Nce2 c5 9. c3 Bd7 10. h4 Qb6 11. h5 Bb5 12. g4 Ne7 13. Rh3 Bxd3 14. Qxd3 Nc6 15. b4 cxd4 16. cxd4 Nc7 17. Rb1 Be7 18. f4 Qb5 19. Bd2 a6 20. Nc3 Qxd3 21. Rxd3 Nb5 22. Nxb5 axb5 23. Ne2 g6 24. hxg6 fxg6 25. Kf2 h5 26. Rh1 Kd7 27. gxh5 gxh5 28. Rdh3 h4 29. Bc1 Rhg8 30. Bb2 Raf8 31. R3h2 Rg7 32. Rg1 Rh7 33. Kf3 Bd8 34. Ke3 Ne7 35. Kd3 Rff7 36. Rh3 Nc6 37. Rg4 Rhg7 38. Rxg7 Rxg7 39. Rh2 Rg4 40. Ke3 Ne7 41. Kf3 Rg7 42. Nc3 Rg3+ 43. Kf2 Ng6 44. f5 Nf4 45. Kf1 exf5 46. Ne2 Rf3+ 47. Kg1 Ke6 48. Nc3 Rg3+ 49. Kf1 Rf3+ 50. Kg1 h3 51. Nxb5 Bb6 52. Rf2 Rxf2 53. Kxf2 Nd3+ 54. Kg3 Nxb2 55. Kxh3 Nc4 56. a4 Nd2 57. a5 Bd8 58. Kg3 Be7 59. Nc7+ Kd7 60. Nxd5 Bg5 61. b5 Nc4 62. a6 bxa6 63. bxa6 Kc6 64. a7 Kb7 65. e6 Kxa7 66. e7 Nd6 67. Nc7 Bxe7 68. Kf4 Kb7 69. Nd5 Bd8 70. Ne3 Kc6 71. Nxf5 Nc4 72. Ke4 Bf6 73. Ne3 Nb6 74. Kd3 Kb5 75. Ke4 Nd7 76. Nd5 Bd8 77. Ne3 Kc6 78. Kd3 Kd6 79. Nc4+ Kd5 80. Ne3+ Ke6 81. Nc4 Kf5 82. Ne3+ Kf4 83. Nd5+ Kf3 84. Nc3 Nf8 85. Kc4 Ke3 86. Nd5+ Kd2 87. Nc3 Ne6 88. Ne4+ Ke3 89. Nc5 Nxd4 90. Nb3 Nf5 91. Nc5 Be7 92. Ne6 Bd6 93. Kd5 Ba3 94. Ng5 Kf4 95. Ne6+ Kf3 96. Nd4+ Nxd4 97. Kxd4 1/2-1/2


[Site "https://www.chess.com"]

[Event "Titled Tuesday Blitz February 01 B 2022"]
[White "Brodowski, Piotr"]
[Black "Nakamura, Hikaru"]
[WhiteFideId "1124480"]
[BlackFideId "2016192"]
[WhiteElo "2422"]
[BlackElo "2850"]
[Result "0-1"]
[Round "02"]
[TimeControl "180+1"]
[Date "2022.02.01"]
[WhiteClock "0:00:12"]
[BlackClock "0:01:04"]

1. c4 d5 2. cxd5 Nf6 3. Nc3 Nxd5 4. g3 e5 5. Bg2 Nb6 6. e3 Nc6 7. Nge2 Qd3 8. O-O Be6 9. Be4 Qd7 10. d4 exd4 11. exd4 O-O-O 12. Be3 h5 13. Nf4 Bg4 14. Qb3 h4 15. a4 Na5 16. Qb5 Nbc4 17. b3 c6 18. Bxc6 bxc6 19. Qa6+ Qb7 20. Qxb7+ Kxb7 21. bxc4 Nxc4 22. Rab1+ Ka8 23. d5 hxg3 24. hxg3 Bf3 25. Ng2 Bd6 26. dxc6 Rh3 27. Rb7 Nxe3 28. fxe3 Bxc6 29. Rbxf7 Rxg3 30. R1f2 Be5 31. Rf8 Rxg2+ 32. Rxg2 Rxf8 33. Rc2 Bxc3 34. Rxc3 Bxa4 35. Rc7 Re8 36. Rxg7 Rxe3 0-1


[Site "https://www.chess.com"]